[Event "Titled Tuesday Blitz April 25 Early 2023"]
[White "Williams, Simon K"]
[Black "TigranHH"]
[WhiteFideId "404454"]
[WhiteElo "2468"]
[BlackElo "2326"]
[Result "1-0"]
[Round "01"]
[TimeControl "180+2"]
[Date "2023.04.25"]
[WhiteClock "0:00:55"]
[BlackClock "0:00:21"]

1. d4 Nf6 2. c4 e6 3. Nf3 d5 4. Nc3 dxc4 5. e4 b5 6. e5 Nd5 7. Nxb5 Nb6 8. Be2 Nc6 9. O-O Bb7 10. Qd2 Be7 11. Qf4 Qd7 12. a4 a5 13. Qg4 O-O-O 14. Be3 h5 15. Qxg7 Rdg8 16. Qxf7 Nd8 17. Qf4 Rg4 18. Rac1 Rxf4 19. Bxf4 Rf8 20. Bh6 Rxf3 21. gxf3 Qxd4 22. Nxd4 1-0


[Site "https://www.chess.com"]

[Event "Titled Tuesday Blitz April 25 Early 2023"]
[White "Itkis, Boris"]
[Black "Akash G"]
[WhiteFideId "1209167"]
[BlackFideId "5040299"]
[WhiteElo "2216"]
[BlackElo "2395"]
[Result "1-0"]
[Round "01"]
[TimeControl "180+2"]
[Date "2023.04.25"]
[WhiteClock "0:00:13"]
[BlackClock "0:00:19"]

1. c4 Nf6 2. Nf3 b6 3. g3 Bb7 4. Bg2 e6 5. O-O Be7 6. Nc3 O-O 7. b3 d5 8. e3 c5 9. Bb2 d4 10. exd4 cxd4 11. Ne2 d3 12. Nf4 Na6 13. a3 Qd6 14. Ne5 Bxg2 15. Kxg2 Rfd8 16. Nfxd3 Nc5 17. Nxc5 bxc5 18. d3 Nd7 19. Nf3 Bf6 20. d4 Rab8 21. dxc5 Qxd1 22. Raxd1 Bxb2 23. c6 Rxb3 24. c7 Rc8 25. Rxd7 Bf6 26. Rfd1 g6 27. Rd8+ Bxd8 28. Rxd8+ Rxd8 29. cxd8=Q+ Kg7 30. Ne5 1-0


[Site "https://www.chess.com"]

[Event "Titled Tuesday Blitz April 25 Early 2023"]
[White "Bruedigam, Martin"]
[Black "Todorovic, Bojan"]
[WhiteFideId "24608033"]
[BlackFideId "917087"]
[WhiteElo "2331"]
[BlackElo "2266"]
[Result "1-0"]
[Round "01"]
[TimeControl "180+2"]
[Date "2023.04.25"]
[WhiteClock "0:00:17"]
[BlackClock "0:00:16"]

1. d4 Nf6 2. c4 g6 3. f3 Bg7 4. e4 O-O 5. Nc3 d6 6. Be3 e5 7. Nge2 c6 8. d5 cxd5 9. cxd5 a6 10. Qd2 b5 11. Nc1 Nh5 12. Bd3 Nd7 13. O-O Nf4 14. a4 b4 15. N3e2 Nxd3 16. Nxd3 a5 17. Rfc1 Ba6 18. Rc6 Nb8 19. Bb6 Qf6 20. Rc2 Nd7 21. Be3 Rfc8 22. Rac1 Qd8 23. Ng3 Nb6 24. b3 Nd7 25. Nb2 Nc5 26. Bxc5 dxc5 27. Rxc5 Bf6 28. Rxc8 Bxc8 29. Rc2 Bg5 30. Qf2 h5 31. Nf1 h4 32. Ne3 Kg7 33. Nec4 Qf6 34. Nd3 Ba6 35. Nc5 Bxc4 36. Rxc4 Rc8 37. g3 hxg3 38. hxg3 Qe7 39. Kg2 f5 40. Ne6+ Kh6 41. Rxc8 1-0


[Site "https://www.chess.com"]

[Event "Titled Tuesday Blitz April 25 Early 2023"]
[White "Inepton_Fermion"]
[Black "Antonica, Dragos-Andrei"]
[BlackFideId "1246372"]
[WhiteElo "2323"]
[BlackElo "2285"]
[Result "0-1"]
[Round "01"]
[TimeControl "180+2"]
[Date "2023.04.25"]
[WhiteClock "0:00:05"]
[BlackClock "0:00:18"]

1. e4 c5 2. Nf3 d6 3. d4 cxd4 4. Nxd4 Nf6 5. Nc3 Nc6 6. Bg5 e6 7. Qd2 Bd7 8. Ndb5 Qa5 9. Bxf6 gxf6 10. Nxd6+ Bxd6 11. Qxd6 Rd8 12. O-O-O Bc8 13. Qf4 Rxd1+ 14. Kxd1 Ke7 15. Be2 Rd8+ 16. Kc1 Nd4 17. Bd3 e5 18. Qh6 Be6 19. a3 Rc8 20. Qd2 Qb6 21. f4 Qd6 22. f5 Bc4 23. Kb1 Bxd3 24. Qxd3 Rc5 25. Rd1 Ra5 26. Nd5+ Ke8 27. c3 Nb3 28. Ne3 Qc7 29. Ka2 Nc5 30. Qc4 Ra4 31. Qd5 Rxe4 32. b4 Rxe3 33. bxc5 Rxc3 34. Qd6 Qxd6 35. cxd6 Kd7 36. Rd2 Rc6 37. Rb2 b6 38. Kb3 Rxd6 39. Rc2 Rc6 40. Rd2+ Kc7 41. g3 Rd6 42. Rc2+ Kd7 43. Rb2 Rd4 44. Rc2 a5 45. a4 Rb4+ 46. Ka3 Kd6 47. Rd2+ Rd4 48. Rb2 Kc5 49. Rc2+ Rc4 50. Rd2 e4 51. Rd7 e3 52. Re7 Kd4 53. Kb3 Rb4+ 54. Kc2 Rxa4 55. Rxf7 Ra2+ 56. Kb3 Rxh2 57. Rd7+ Ke4 58. Re7+ Kf3 59. Kc4 e2 60. Kd3 Kxg3 0-1


[Site "https://www.chess.com"]

[Event "Titled Tuesday Blitz April 25 Early 2023"]
[White "Ibadov, Dashgyn"]
[Black "Sohier, Julien"]
[WhiteFideId "24107514"]
[BlackFideId "645346"]
[WhiteElo "2208"]
[BlackElo "2209"]
[Result "1-0"]
[Round "01"]
[TimeControl "180+2"]
[Date "2023.04.25"]
[WhiteClock "0:00:15"]
[BlackClock "0:00:14"]

1. e4 e5 2. Nf3 Nc6 3. d4 exd4 4. Nxd4 Nf6 5. Nxc6 bxc6 6. e5 Qe7 7. Qe2 Nd5 8. c4 Ba6 9. b3 g6 10. g3 d6 11. Bb2 Bg7 12. Bg2 O-O 13. O-O Rae8 14. Qd2 Bxe5 15. cxd5 Bxf1 16. Bxf1 Bxb2 17. Qxb2 cxd5 18. Nc3 c6 19. Rc1 Qe5 20. Qd2 d4 21. Ne2 c5 22. Nf4 Kg7 23. b4 cxb4 24. Qxb4 Rc8 25. Rd1 Rc2 26. a4 Rfc8 27. Qxd4 Qxd4 28. Rxd4 Ra2 29. Bd3 Rd2 30. Rxd6 Rc1+ 31. Kg2 Rcd1 32. Ra6 Rxd3 33. Nxd3 Rxd3 34. Rxa7 h5 35. a5 Ra3 36. a6 g5 37. Ra8 g4 38. Kf1 f5 39. Ke2 Kg6 40. a7 Kg7 41. Kd2 Ra1 42. Ke3 Ra4 43. Kd3 Kh7 44. Kc3 Kg7 45. Kb3 Ra1 46. Kc4 Ra5 47. Kb4 Ra1 48. Kc5 Ra5+ 49. Kb6 Ra1 50. Rb8 1-0


[Site "https://www.chess.com"]

[Event "Titled Tuesday Blitz April 25 Early 2023"]
[White "Mihajlovskij"]
[Black "Maurizzi, Marc`Andria"]
[BlackFideId "36083534"]
[WhiteElo "2319"]
[BlackElo "2421"]
[Result "0-1"]
[Round "01"]
[TimeControl "180+2"]
[Date "2023.04.25"]
[WhiteClock "0:01:36"]
[BlackClock "0:01:45"]

1. e4 c5 2. Nf3 d6 3. d4 cxd4 4. Qxd4 Nf6 5. Bg5 Nc6 6. Bb5 Bd7 7. Bxc6 Bxc6 8. Nc3 Qa5 9. O-O-O Nd7 10. Rhe1 e6 11. Kb1 Qb6 12. Qd2 Rc8 13. Be3 Qa6 14. Bf4 Nb6 15. Qe2 Nc4 16. b3 Na3+ 17. Kb2 Qa5 18. Bd2 Nxc2 19. Kxc2 Bb5 20. Kb2 Bxe2 21. Nxe2 Qd8 22. Bf4 Be7 23. e5 d5 24. Ned4 O-O 25. g3 Qa5 26. Re3 Ba3+ 27. Kb1 Rc7 28. Nc2 Rfc8 29. Re2 h6 30. Bd2 Qa6 31. Be3 Qxe2 0-1


[Site "https://www.chess.com"]

[Event "Titled Tuesday Blitz April 25 Early 2023"]
[White "Nikologorskiy, Konstantin"]
[Black "Harris, Ian"]
[WhiteFideId "24111708"]
[BlackFideId "2020092"]
[WhiteElo "2293"]
[BlackElo "2315"]
[Result "1-0"]
[Round "01"]
[TimeControl "180+2"]
[Date "2023.04.25"]
[WhiteClock "0:00:11"]
[BlackClock "0:00:05"]

1. d4 d5 2. c4 e6 3. Nf3 Nf6 4. g3 Bb4+ 5. Bd2 Be7 6. Bg2 O-O 7. O-O c6 8. Qc2 Nbd7 9. Rc1 b6 10. Bf4 Bb7 11. Nc3 Rc8 12. e4 dxc4 13. h4 b5 14. e5 Nd5 15. Bg5 h6 16. Bxe7 Qxe7 17. Ne4 c5 18. Nd6 Rb8 19. Nxb5 Nb4 20. Qxc4 Bd5 21. Qe2 c4 22. Nd6 Nd3 23. Rc2 Nb6 24. b3 Nb4 25. Rc3 cxb3 26. axb3 Rfd8 27. Rac1 Rxd6 28. exd6 Qxd6 29. Rc7 a5 30. Ne5 f6 31. Nf7 Qf8 32. Qg4 Bxg2 33. Kxg2 N6d5 34. Qxe6 Kh7 35. Qf5+ Kg8 36. Nxh6+ gxh6 37. Qh7# 1-0


[Site "https://www.chess.com"]

[Event "Titled Tuesday Blitz April 25 Early 2023"]
[White "Allahverdiyeva, Ayan"]
[Black "Kozin, Yuri"]
[WhiteFideId "13412590"]
[BlackFideId "4129920"]
[WhiteElo "1980"]
[BlackElo "2616"]
[Result "0-1"]
[Round "01"]
[TimeControl "180+2"]
[Date "2023.04.25"]
[WhiteClock "0:00:11"]
[BlackClock "0:01:36"]

1. e4 c5 2. Nf3 e6 3. d4 cxd4 4. Nxd4 Nf6 5. Nc3 d6 6. g4 h6 7. Rg1 Nc6 8. Be3 e5 9. Nb3 Be6 10. Nd5 Rc8 11. Nxf6+ Qxf6 12. g5 hxg5 13. Bxg5 Qg6 14. f3 Rxh2 15. c3 Rxb2 16. Be2 Be7 17. Be3 Bh4+ 0-1


[Site "https://www.chess.com"]

[Event "Titled Tuesday Blitz April 25 Early 2023"]
[White "Mamedov, Edgar"]
[Black "Prudnykova, Olga"]
[WhiteFideId "13739980"]
[BlackFideId "14121093"]
[WhiteElo "2330"]
[BlackElo "2113"]
[Result "1-0"]
[Round "01"]
[TimeControl "180+2"]
[Date "2023.04.25"]
[WhiteClock "0:00:57"]
[BlackClock "0:00:02"]

1. e4 c5 2. Nf3 Nf6 3. Nc3 e6 4. e5 Nd5 5. Nxd5 exd5 6. d4 Nc6 7. dxc5 Bxc5 8. Qxd5 Qb6 9. Qd2 d6 10. Bd3 dxe5 11. O-O O-O 12. Qg5 Be7 13. Qh5 g6 14. Qh6 Nd4 15. Nxe5 Bf6 16. Nc4 Qc5 17. Qf4 Bg7 18. Qd6 Qh5 19. Bf4 Bf5 20. Be5 Rad8 21. Qc5 b6 22. Qc7 Rc8 23. Qxa7 Nxc2 24. Bxc2 Bxe5 25. Nxe5 Rxc2 26. Qxb6 Qg5 27. Nf3 Qh5 28. Nd4 Rd2 29. Nxf5 Qxf5 30. a4 Rc8 31. a5 Rcc2 32. b4 Ra2 33. Rxa2 Rxa2 34. Qd8+ Kg7 35. Qd4+ Kg8 36. Rc1 f6 37. Qc4+ 1-0


[Site "https://www.chess.com"]

[Event "Titled Tuesday Blitz April 25 Early 2023"]
[White "Gonzalez, Francisco Silva"]
[Black "wqws"]
[WhiteFideId "1512285"]
[WhiteElo "2074"]
[BlackElo "2615"]
[Result "0-1"]
[Round "01"]
[TimeControl "180+2"]
[Date "2023.04.25"]
[WhiteClock "0:01:32"]
[BlackClock "0:00:44"]

1. d4 Nf6 2. c4 e6 3. Nc3 Bb4 4. a3 Bxc3+ 5. bxc3 c5 6. e3 Nc6 7. Bd3 b6 8. e4 d6 9. Nf3 e5 10. O-O h6 11. h3 O-O 12. Be3 Ba6 13. d5 Na5 14. Nd2 Nd7 15. a4 Qe7 16. Ra2 Rae8 17. Qh5 Nf6 18. Qf3 Nh7 19. Qh5 Bc8 20. f4 f5 21. exf5 Nf6 22. Qg6 e4 23. Bc2 Nh7 24. g4 Ba6 25. Bxe4 Nxc4 26. f6 Nxf6 27. Re1 Nxe4 28. Bxc5 Ncxd2 29. Bxd6 Qxd6 30. Qxd6 Nxd6 31. Rxe8 Rxe8 32. Rxd2 Re1+ 33. Kf2 Ra1 34. Rd4 Ra2+ 35. Kg3 Rd2 36. Rxd2 Ne4+ 37. Kf3 Nxd2+ 38. Ke3 Nc4+ 39. Kd4 Kf7 40. f5 Nd6 41. Ke5 Ke7 42. h4 Nf7+ 43. Kd4 Be2 44. g5 hxg5 45. hxg5 Nxg5 46. c4 Kd6 47. a5 Nf7 48. axb6 axb6 49. c5+ bxc5+ 50. Ke3 Bc4 51. Ke4 Bxd5+ 52. Kf4 c4 0-1


[Site "https://www.chess.com"]

[Event "Titled Tuesday Blitz April 25 Early 2023"]
[White "Pacan-Milej, Kosma"]
[Black "Zaichenko, Daria"]
[WhiteFideId "21800537"]
[BlackFideId "4197453"]
[WhiteElo "2302"]
[BlackElo "2039"]
[Result "0-1"]
[Round "01"]
[TimeControl "180+2"]
[Date "2023.04.25"]
[WhiteClock "0:01:49"]
[BlackClock "0:00:53"]

1. d4 d5 2. c4 e6 3. Nc3 Be7 4. cxd5 exd5 5. Bf4 c6 6. e3 Bf5 7. Bd3 Bg6 8. Nge2 Nd7 9. O-O Ngf6 10. f3 Bxd3 11. Qxd3 O-O 12. Bg3 Nh5 13. Bf2 f5 14. Rad1 Kh8 15. Rfe1 Bh4 16. Ng3 Nxg3 17. hxg3 Bg5 18. e4 fxe4 19. fxe4 Nf6 20. exd5 cxd5 21. Re2 Ng4 22. Rf1 Qd6 23. Qb5 Qh6 0-1


[Site "https://www.chess.com"]

[Event "Titled Tuesday Blitz April 25 Early 2023"]
[White "Chabris, Christopher"]
[Black "Sielecki, Christof"]
[WhiteFideId "2005263"]
[BlackFideId "4620437"]
[WhiteElo "2303"]
[BlackElo "2443"]
[Result "0-1"]
[Round "01"]
[TimeControl "180+2"]
[Date "2023.04.25"]
[WhiteClock "0:00:20"]
[BlackClock "0:01:09"]

1. e4 c5 2. Nf3 a6 3. c3 d5 4. exd5 Qxd5 5. d4 e6 6. Be2 cxd4 7. cxd4 Nc6 8. O-O Nf6 9. Nc3 Qd6 10. h3 Be7 11. Be3 O-O 12. a3 b5 13. Qd3 Bb7 14. Rfd1 Rfd8 15. Ng5 Rac8 16. Bf3 Qb8 17. Nce4 Nxe4 18. Bxe4 g6 19. h4 Ne5 20. Qb1 Ng4 21. Qd3 Qh2+ 22. Kf1 Bxe4 23. Qxe4 Qxh4 24. Nh3 Nh2+ 0-1


[Site "https://www.chess.com"]

[Event "Titled Tuesday Blitz April 25 Early 2023"]
[White "Koellner, Ruben Gideon"]
[Black "Onslow, Alfie"]
[WhiteFideId "12993093"]
[BlackFideId "436976"]
[WhiteElo "2314"]
[BlackElo "2114"]
[Result "1-0"]
[Round "01"]
[TimeControl "180+2"]
[Date "2023.04.25"]
[WhiteClock "0:01:51"]
[BlackClock "0:01:39"]

1. d4 Nf6 2. Nf3 c5 3. e3 cxd4 4. exd4 b6 5. c3 Bb7 6. Bd3 e6 7. O-O Be7 8. Nbd2 O-O 9. Re1 d6 10. Qe2 Nbd7 11. Ne4 Nxe4 12. Bxe4 Bxe4 13. Qxe4 Nf6 14. Qe2 Qc7 15. Bg5 h6 16. Bxf6 Bxf6 17. a4 Rfc8 18. Red1 Qc4 19. Qxc4 Rxc4 20. Nd2 Rc7 21. d5 e5 22. Ne4 Be7 23. g4 g6 24. Rd3 f5 25. gxf5 gxf5 26. Ng3 Rf8 27. Rf3 f4 28. Ne4 Rc4 29. Nd2 Rc7 30. Rh3 Bg5 31. Ne4 Rc4 32. Nxd6 Rd8 33. Nxc4 1-0


[Site "https://www.chess.com"]

[Event "Titled Tuesday Blitz April 25 Early 2023"]
[White "Fierz, Martin"]
[Black "tufferguy"]
[WhiteFideId "1302132"]
[WhiteElo "2302"]
[BlackElo "2610"]
[Result "0-1"]
[Round "01"]
[TimeControl "180+2"]
[Date "2023.04.25"]
[WhiteClock "0:00:13"]
[BlackClock "0:00:54"]

1. e4 e6 2. d4 d5 3. Nc3 Nf6 4. e5 Ng8 5. f4 c5 6. Nf3 Nc6 7. Be3 c4 8. h4 b5 9. h5 b4 10. Ne2 h6 11. g4 a5 12. c3 Bd7 13. Kf2 Nge7 14. Bh3 Nc8 15. Kg3 Nb6 16. Rf1 Qc7 17. f5 O-O-O 18. Nf4 Be7 19. Qd2 Kb8 20. fxe6 Bxe6 21. Nxe6 fxe6 22. Nh2 Rhf8 23. Rxf8 Rxf8 24. Rf1 Qd8 25. Rxf8 Qxf8 26. g5 hxg5 27. Bxg5 Qf7 28. Bg4 b3 29. a3 Na4 30. Nf3 Nd8 31. Qg2 Bxg5 32. Nxg5 Qe7 33. Kf4 Kc7 34. Qe2 Kb6 35. Nh3 Nf7 36. Kg3 Ng5 37. Nf4 Ne4+ 38. Kh3 Nexc3 39. Kg3 Nxe2+ 0-1


[Site "https://www.chess.com"]

[Event "Titled Tuesday Blitz April 25 Early 2023"]
[White "Kokoszczynski, Jan"]
[Black "Ardila, Oscar Humberto"]
[WhiteFideId "1174460"]
[BlackFideId "4404742"]
[WhiteElo "2139"]
[BlackElo "1918"]
[Result "1-0"]
[Round "01"]
[TimeControl "180+2"]
[Date "2023.04.25"]
[WhiteClock "0:00:14"]
[BlackClock "0:00:14"]

1. e4 e5 2. Nf3 Nf6 3. Nxe5 d6 4. Nf3 Nxe4 5. d3 Nf6 6. d4 Be7 7. Bd3 O-O 8. O-O Bg4 9. h3 Bh5 10. Re1 Nbd7 11. Nbd2 Re8 12. Nf1 Nf8 13. Ng3 Bg6 14. Nf5 Qd7 15. Nxe7+ Rxe7 16. Rxe7 Qxe7 17. Bf1 Ne4 18. c3 Re8 19. Be3 Qf6 20. Nd2 Ne6 21. Nxe4 Bxe4 22. Qd2 Qg6 23. Re1 f5 24. Bf4 Kh8 25. Kh2 h6 26. f3 Bc6 27. Bd3 Qf6 28. Bg3 f4 29. Bf2 Ng5 30. Rxe8+ Bxe8 31. Qe2 Bf7 32. h4 Ne6 33. Qe4 Nf8 34. Qxb7 g5 35. hxg5 hxg5 36. Qxc7 Bxa2 37. c4 g4 38. fxg4 f3 39. g3 Qh6+ 40. Kg1 Qc1+ 41. Bf1 Qxb2 42. d5 Qe5 43. Qf7 Nh7 44. Qxa7 Bb1 45. Bd4 1-0


[Site "https://www.chess.com"]

[Event "Titled Tuesday Blitz April 25 Early 2023"]
[White "Kohler, Aran"]
[Black "Janaszak, Dawid"]
[WhiteFideId "1002856"]
[BlackFideId "1119206"]
[WhiteElo "2300"]
[BlackElo "2220"]
[Result "1/2-1/2"]
[Round "01"]
[TimeControl "180+2"]
[Date "2023.04.25"]
[WhiteClock "0:00:08"]
[BlackClock "0:00:05"]

1. Nh3 d5 2. f3 Bxh3 3. gxh3 e5 4. d3 Qh4+ 5. Kd2 Nc6 6. e3 d4 7. e4 Be7 8. Qe2 Nf6 9. Kd1 Nh5 10. Rg1 g6 11. a3 Nf4 12. Bxf4 Qxf4 13. Nd2 O-O-O 14. b4 Kb8 15. Kc1 h5 16. Kb2 Bd6 17. Nc4 Ne7 18. Qd2 Qf6 19. Be2 Qe6 20. Qe1 Qxh3 21. Qf2 Nc8 22. Kb3 Nb6 23. a4 Qe6 24. a5 Nxc4 25. dxc4 a6 26. Bd3 c5 27. b5 axb5 28. Qe2 Kc7 29. Kb2 b4 30. a6 Ra8 31. axb7 Kxb7 32. Rxa8 Rxa8 33. Ra1 Rxa1 34. Kxa1 Qd7 35. Kb2 Qa4 36. Qd1 Qa3+ 37. Kb1 Qc3 38. h3 Be7 39. Qc1 Kc7 40. Qb2 Bg5 41. Qxc3 bxc3 42. Ka2 Kd6 43. Kb3 Ke6 44. Ka4 Be7 45. Kb5 Kf6 46. Kc6 Kg5 47. Kd5 Kf4 48. Be2 Ke3 49. Bd3 Kxf3 50. Kxe5 Kg3 51. Kd5 Kxh3 52. e5 h4 53. e6 f5 54. Kc6 Kg2 55. Kd7 Bg5 56. Ke8 h3 57. Kf7 h2 58. Kxg6 h1=Q 59. Kxg5 Qe1 60. Kxf5 Kg3 61. Kf6 Qf2+ 62. Ke7 Qe3 63. Kd7 Qf4 64. e7 Qg4+ 65. Kd8 Qg5 66. Kd7 Qg7 67. Kd8 Qf6 68. Kd7 Qf7 69. Kd8 Qf6 70. Kd7 Qg7 71. Kd8 Qf6 1/2-1/2


[Site "https://www.chess.com"]

[Event "Titled Tuesday Blitz April 25 Early 2023"]
[White "Brunner, Nicolas"]
[Black "Bashkansky, Ethan"]
[WhiteFideId "620246"]
[BlackFideId "2071533"]
[WhiteElo "2327"]
[BlackElo "2300"]
[Result "1-0"]
[Round "01"]
[TimeControl "180+2"]
[Date "2023.04.25"]
[WhiteClock "0:01:24"]
[BlackClock "0:00:45"]

1. Nf3 f5 2. d3 Nf6 3. Nbd2 d6 4. g3 e5 5. Bg2 g6 6. e4 Nc6 7. O-O Bg7 8. c3 O-O 9. a4 h6 10. Nh4 Ne7 11. exf5 gxf5 12. f4 c6 13. Nc4 Ng4 14. h3 d5 15. Nxe5 Ne3 16. Bxe3 Be6 17. d4 Qb6 18. b4 a5 19. bxa5 Rxa5 20. Qb1 Qa7 21. Qb4 Re8 22. Rfb1 b5 23. Nhg6 Nxg6 24. Nxc6 Rxa4 25. Nxa7 Rxb4 26. Rxb4 Ra8 27. Rbb1 h5 28. Nxb5 Rc8 29. Ra6 Kf7 30. Nd6+ 1-0


[Site "https://www.chess.com"]

[Event "Titled Tuesday Blitz April 25 Early 2023"]
[White "Rodriguez Santiago, Jaime"]
[Black "Ezat, Mohamed"]
[WhiteFideId "3100898"]
[BlackFideId "10600906"]
[WhiteElo "2025"]
[BlackElo "2386"]
[Result "0-1"]
[Round "01"]
[TimeControl "180+2"]
[Date "2023.04.25"]
[WhiteClock "0:00:19"]
[BlackClock "0:01:11"]

1. c4 Nf6 2. Nc3 g6 3. g3 Bg7 4. Bg2 O-O 5. e4 d6 6. Nge2 c5 7. O-O Nc6 8. d3 a6 9. a4 Ne8 10. Be3 Nc7 11. d4 cxd4 12. Nxd4 Ne6 13. Nde2 Rb8 14. Rb1 Bd7 15. f4 Na5 16. b3 b5 17. cxb5 axb5 18. axb5 Bxb5 19. Nxb5 Rxb5 20. f5 Nc5 21. b4 Nc4 22. Bd4 Nd7 23. Bxg7 Kxg7 24. Nd4 Qb6 25. Kh1 Rxb4 26. Rxb4 Qxb4 27. Nc6 Qc3 28. Rf3 Qd2 29. Qa1+ Nde5 30. Nxe7 Ne3 31. f6+ Kh8 32. Qg1 Nxf3 33. Bxf3 Rb8 34. Nxg6+ hxg6 0-1


[Site "https://www.chess.com"]

[Event "Titled Tuesday Blitz April 25 Early 2023"]
[White "Hamitevici, Vladimir"]
[Black "Bogaudinov, Rushan"]
[WhiteFideId "13902393"]
[BlackFideId "4129288"]
[WhiteElo "2401"]
[BlackElo "1967"]
[Result "1-0"]
[Round "01"]
[TimeControl "180+2"]
[Date "2023.04.25"]
[WhiteClock "0:00:30"]
[BlackClock "0:00:04"]

1. d4 d5 2. Bf4 Nf6 3. e3 e6 4. Nf3 Be7 5. Nbd2 O-O 6. h3 b6 7. a4 a6 8. Bd3 Bb7 9. O-O c5 10. c3 Nbd7 11. Qe2 c4 12. Bc2 b5 13. e4 dxe4 14. Nxe4 Nxe4 15. Bxe4 Bxe4 16. Qxe4 Nf6 17. Qc6 Nd5 18. Bg3 Qe8 19. Ne5 Qxc6 20. Nxc6 Rfc8 21. axb5 axb5 22. Na7 Rd8 23. Nxb5 h5 24. Rfe1 h4 25. Bh2 g5 26. Kf1 Kg7 27. Ke2 Kg6 28. Kd2 Rxa1 29. Rxa1 Rd7 30. Ra7 Rxa7 31. Nxa7 f5 32. Nc6 f4 33. Ne5+ Kf5 34. Nxc4 g4 35. hxg4+ Kxg4 36. f3+ Kf5 37. Kd3 Nc7 38. b4 Nd5 39. b5 Bd8 40. Nd6+ Kf6 41. c4 Nb4+ 42. Ke4 e5 43. dxe5+ Ke6 44. c5 Na2 45. b6 Nc3+ 46. Kxf4 Na4 47. Ne4 Nxb6 48. cxb6 Bxb6 49. Kg4 Bd8 50. Ng5+ Kd5 51. Kxh4 Kc6 52. Kh5 Kd7 53. Kg6 Ke8 54. f4 Be7 55. f5 Ba3 56. f6 Bb2 57. f7+ Ke7 58. Kg7 1-0


[Site "https://www.chess.com"]

[Event "Titled Tuesday Blitz April 25 Early 2023"]
[White "Blokhin, Sofia"]
[Black "Berezin, Viktor"]
[WhiteFideId "4508190"]
[BlackFideId "14107872"]
[WhiteElo "1994"]
[BlackElo "2310"]
[Result "0-1"]
[Round "01"]
[TimeControl "180+2"]
[Date "2023.04.25"]
[WhiteClock "0:00:11"]
[BlackClock "0:01:33"]

1. d4 Nf6 2. c4 g6 3. Nc3 Bg7 4. e4 O-O 5. Be3 d6 6. f3 b6 7. Qd2 c5 8. d5 e6 9. O-O-O exd5 10. cxd5 a6 11. g4 b5 12. h4 h5 13. gxh5 Nxh5 14. Nge2 Qa5 15. a3 b4 16. Nb1 Nd7 17. Nf4 Ndf6 18. Nxh5 Nxh5 19. Bc4 Rb8 20. f4 Bg4 21. Rdg1 Bf3 22. Rh2 Bxe4 23. Be2 Bxb1 24. Kxb1 Qd8 25. Bxh5 bxa3 26. Qe2 Rxb2+ 27. Qxb2 axb2 28. Bd1 Qa5 29. h5 Qa1+ 30. Kc2 b1=Q+ 0-1


[Site "https://www.chess.com"]

[Event "Titled Tuesday Blitz April 25 Early 2023"]
[White "Bodnaruk, Anastasia"]
[Black "sebastianmarinp"]
[WhiteFideId "4181751"]
[WhiteElo "2310"]
[BlackElo "2294"]
[Result "1-0"]
[Round "01"]
[TimeControl "180+2"]
[Date "2023.04.25"]
[WhiteClock "0:00:11"]
[BlackClock "0:00:14"]

1. e4 e5 2. Nf3 Nc6 3. Bb5 a6 4. Ba4 Nf6 5. O-O b5 6. Bb3 Bb7 7. Re1 Bc5 8. c3 d6 9. d4 Bb6 10. a4 h6 11. h3 O-O 12. Be3 exd4 13. cxd4 Na5 14. e5 Nxb3 15. Qxb3 Nd5 16. Nbd2 Nxe3 17. fxe3 dxe5 18. Nxe5 c5 19. Ndf3 Bc7 20. dxc5 Bxe5 21. Nxe5 Qg5 22. c6 Qxe5 23. cxb7 Rab8 24. axb5 Rxb7 25. b6 a5 26. Qc3 Qxc3 27. bxc3 Rxb6 28. Rxa5 Rc8 29. Rc1 Rb2 30. Ra4 Re2 31. c4 Rxe3 32. c5 Re7 33. c6 Rec7 34. Rac4 Kf8 35. Kf2 Ke7 36. Ke3 Kd6 37. Rd4+ Ke6 38. Re4+ Kd6 39. Rg4 g5 40. Rd4+ Ke6 41. Re4+ Kd6 42. Rf1 Kxc6 43. Rf6+ Kb7 44. Rxh6 Rc2 45. Rb4+ Ka7 46. Rg4 R8c3+ 47. Kd4 Rc4+ 48. Ke5 Rxg4 49. hxg4 Rxg2 50. Kf5 Kb7 51. Rf6 Kc8 52. Rxf7 Rf2+ 53. Kg6 Rxf7 54. Kxf7 Kd7 55. Kf6 Ke8 56. Kxg5 Kf7 57. Kh6 Kg8 58. Kg6 Kh8 1-0


[Site "https://www.chess.com"]

[Event "Titled Tuesday Blitz April 25 Early 2023"]
[White "Bashirli, Saadat"]
[Black "Taboas Rodriguez, Daniel"]
[WhiteFideId "13429990"]
[BlackFideId "2208466"]
[WhiteElo "1408"]
[BlackElo "2365"]
[Result "0-1"]
[Round "01"]
[TimeControl "180+2"]
[Date "2023.04.25"]
[WhiteClock "0:00:01"]
[BlackClock "0:00:12"]

1. e4 e5 2. Nf3 Nc6 3. Bc4 Nf6 4. d3 Bc5 5. c3 d6 6. Nbd2 O-O 7. O-O a6 8. Bb3 Ba7 9. Re1 Kh8 10. Nf1 Ng4 11. d4 f5 12. exf5 Bxf5 13. h3 Nf6 14. dxe5 dxe5 15. Qxd8 Raxd8 16. Bg5 Ne4 17. Rxe4 Bxe4 18. Bxd8 Rxd8 19. Ng5 Bd5 20. Bxd5 Rxd5 21. Re1 Kg8 22. Re2 Rd1 23. Ne4 Kf7 24. Ng3 Bc5 25. Kh2 Bd6 26. Ne3 Ra1 27. a3 Rb1 28. Nc4 b5 29. Nxd6+ cxd6 30. Rd2 d5 31. Rxd5 Rxb2 32. Rd6 Na5 33. Rxa6 Nc4 34. Ra7+ Ke6 35. Rxg7 Rxf2 36. Rxh7 Ne3 37. Ne4 Rxg2+ 38. Kh1 Ra2 39. h4 Kf5 40. Nd6+ Kg4 41. Nxb5 Kh3 42. Kg1 Ng4 43. Kf1 e4 44. Re7 e3 45. Ke1 Kxh4 46. Nd4 Kg3 47. Ne2+ Kf3 48. Nc1 Rxa3 49. Kd1 Nf2+ 50. Kc2 Ne4 51. Rf7+ Kg4 52. Rg7+ Kf5 53. Rg2 Nf2 54. Rg3 Kf4 55. Rg6 Ne4 56. Rg2 Rxc3+ 57. Kd1 Nf2+ 58. Ke2 Rxc1 59. Rg6 Rc2+ 60. Ke1 Ne4 61. Kd1 Rd2+ 62. Ke1 Kf3 63. Rg1 Re2+ 64. Kd1 Nc3+ 65. Kc1 Rg2 66. Rf1+ Rf2 67. Rg1 e2 68. Kd2 Rf1 0-1


[Site "https://www.chess.com"]

[Event "Titled Tuesday Blitz April 25 Early 2023"]
[White "Jeet, Jain"]
[Black "Albuquerque Junior,Wellington S."]
[WhiteFideId "5073022"]
[BlackFideId "2151480"]
[WhiteElo "2067"]
[BlackElo "2109"]
[Result "1-0"]
[Round "01"]
[TimeControl "180+2"]
[Date "2023.04.25"]
[WhiteClock "0:00:55"]
[BlackClock "0:00:04"]

1. c4 Nf6 2. Nc3 c5 3. Nf3 d6 4. g3 g6 5. Bg2 Bg7 6. d3 O-O 7. Qd2 Nc6 8. b3 Bd7 9. Bb2 Rb8 10. O-O a6 11. a4 Ne8 12. e3 Nc7 13. d4 cxd4 14. exd4 b5 15. axb5 axb5 16. c5 dxc5 17. dxc5 Be6 18. Qc2 Nb4 19. Qe4 Nbd5 20. Rac1 Nxc3 21. Bxc3 Bxb3 22. Bxg7 Kxg7 23. Nd4 Bd5 24. Qe5+ f6 25. Qe3 Bxg2 26. Kxg2 Qd5+ 27. Kg1 e5 28. Nb3 Rfd8 29. c6 Qd3 30. Qa7 Qxb3 31. Qxc7+ Qf7 32. Qa5 Rdc8 33. Rfd1 Rc7 34. Rd2 Rbc8 35. Qxb5 h5 36. Rcd1 Kh6 37. Rd7 Qe6 38. Rxc7 Rxc7 39. Rc1 Qd6 40. h4 f5 41. Qb8 Kg7 42. Qa8 1-0


[Site "https://www.chess.com"]

[Event "Titled Tuesday Blitz April 25 Early 2023"]
[White "Levitan, Caleb Levi"]
[Black "Martinez Ramirez, Lennis"]
[WhiteFideId "14332620"]
[BlackFideId "3509079"]
[WhiteElo "1963"]
[BlackElo "2410"]
[Result "0-1"]
[Round "01"]
[TimeControl "180+2"]
[Date "2023.04.25"]
[WhiteClock "0:00:14"]
[BlackClock "0:00:27"]

1. e4 c5 2. Nf3 Nc6 3. Nc3 d6 4. d4 cxd4 5. Nxd4 Nf6 6. Bc4 e6 7. Bb3 Be7 8. Nxc6 bxc6 9. g4 d5 10. exd5 exd5 11. g5 Ng4 12. h3 Ne5 13. Qe2 Ng6 14. h4 Qd6 15. h5 Nf4 16. Bxf4 Qxf4 17. Bxd5 Bd7 18. Be4 Qxg5 19. Qf3 O-O 20. h6 g6 21. Qe3 Qxe3+ 22. fxe3 Bg5 23. Kf2 f5 24. Bf3 f4 25. e4 Bf6 26. Rad1 Be6 27. Ne2 Bxb2 28. c3 Ba3 29. Nd4 Bd7 30. Nc2 Bc5+ 31. Ke2 Rad8 32. Rd3 Be6 33. Rxd8 Rxd8 34. Ke1 Bxa2 35. Nb4 Bxb4 36. cxb4 Rd3 37. Be2 Re3 38. Rh4 Bc4 39. Rxf4 Rxe2+ 40. Kd1 Bb5 41. e5 Rxe5 42. Rd4 Rd5 43. Rxd5 cxd5 44. Kd2 Kf7 45. Kc3 g5 46. Kd4 Kg6 47. Kxd5 Kxh6 48. Ke4 a6 49. Kf3 Kh5 50. Kg3 g4 51. Kh2 Kg5 52. Kg2 h5 53. Kg3 h4+ 54. Kh2 Kf4 55. Kg2 Ke4 56. Kg1 Kd4 57. Kg2 Kc4 58. Kg1 Kxb4 0-1


[Site "https://www.chess.com"]